 Dungeon Crawl Stone Soup version 0.20-a0-1040-gfd09691 (webtiles) character file.

86 Murumi the Sneak (level 4, 0/32 HPs)
             Began as a Vampire Enchanter on Apr 23, 2017.
             Succumbed to an adder's poison
             ... on level 2 of the Dungeon.
             The game lasted 00:11:44 (3032 turns).

Murumi the Sneak (Vampire Enchanter)                Turns: 3032, Time: 00:11:45

Health: 0/32       AC:  2    Str:  7    XL:     4   Next: 27%
Magic:  0/7        EV: 13    Int: 17    God:
Gold:   62         SH:  0    Dex: 15    Spells: 1/7 levels left

rFire    . . .     SeeInvis +   a - +1 dagger
rCold    + . .     Gourm    .   (no shield)
rNeg     + + .     Faith    .   b - +0 robe
rPois    +         Spirit   .   (no helmet)
rElec    .         Reflect  .   (no cloak)
rCorr    .         Harm     .   (no gloves)
MR       .....                  (no boots)
Stlth    +++++.....             (no amulet)
Regen    0.1/turn               (no ring)
MPRegen  0.1/turn               (no ring)

@: lethally poisoned (0 -> -3), very slightly contaminated, regenerating slowly
A: fangs 3, see invisible, unbreathing
a: Bat Form


You were on level 2 of the Dungeon.
You were very thirsty.

You visited 1 branch of the dungeon, and saw 2 of its levels.

You collected 62 gold pieces.

Inventory:

Hand Weapons
 a - a +1 dagger (weapon)
Armour
 b - a +0 robe (worn)
Scrolls
 e - 4 scrolls of teleportation {unknown}
 g - a scroll of fog {unknown}
 h - a scroll of remove curse {unknown}
Potions
 d - 10 potions of blood
 f - a potion of curing
 i - a potion of agility {unknown}
Books
 c - a book of Maledictions

   Spells                             Type                      Level
   a - Corona                         Hexes                        1
   b - Ensorcelled Hibernation        Hexes/Ice                    2
   c - Confuse                        Hexes                        3
   d - Tukima's Dance                 Hexes                        3
   e - Dazzling Spray                 Conjuration/Hexes            3


   Skills:
 - Level 1.0 Fighting
 - Level 1.1 Short Blades
 - Level 2.1 Dodging
 + Level 7.0 Stealth
 - Level 2.0 Spellcasting
 - Level 5.0 Hexes


You had one spell level left.
You knew the following spells:

 Your Spells              Type           Power        Failure   Level  Hunger
a - Corona                Hex            ###....      2%          1    #......
b - Ensorcelled Hibernat  Hex/Ice        ##....       11%         2    ###....
c - Confuse               Hex            ###.....     8%          3    ###....


Dungeon Overview and Level Annotations

Branches:
Dungeon (2/15)

Altars:
Wu Jian


Innate Abilities, Weirdness & Mutations

You heal slowly.
You have razor-sharp teeth.
You have supernaturally acute eyesight. (SInv)
You can survive without breathing.


Message History

You hit the adder.
The adder is almost dead.
The adder bites you but does no damage.
You barely miss the adder.
The adder is almost dead.
The adder barely misses you.
Casting: Ensorcelled Hibernation
Confirm with . or Enter, or press ? or * to list all spells.
Aiming: Ensorcelled Hibernation
Press: ? - help, Shift-Dir - straight line, f/p - adder
Aim: an adder (almost dead, chance to defeat MR: 50%)
You miscast Ensorcelled Hibernation.
You are very lightly contaminated with residual magic.
The light around you dims momentarily. The adder bites you.
* * * LOW HITPOINT WARNING * * *
The adder bites you but does no damage.
You hit the adder.
You kill the adder!
Your Stealth skill increases to level 7!
You die...

...###........# ....
#......... ..#.##### .#
#.#.###.## .......# .#
#.#...#.#
####.....##.#.#.....#.#
............#.......#.#
########........##.#####%#.##
...........................#.
...........†@†..#.####.>...#.
.............#.##.##....##.#.
...........###....##.....#...
..##.......# #.######....###.
#.......# #.#.............
#.......# #...#......)....
#.......# #####.##....####
+........# #...........# #
###......# #.###.#.##### #


There were no monsters in sight!

Vanquished Creatures
  2 adders (D:2)
  An ooze (D:1)
  4 dart slugs
  2 leopard geckos (D:1)
  7 bats
  3 giant cockroaches (D:1)
  10 hobgoblins
  2 jackals (D:2)
  A ball python (D:1)
  A frilled lizard (D:2)
  6 goblins (D:1)
  6 kobolds
  6 rats
51 creatures vanquished.

Vanquished Creatures (others)
  4 toadstools (D:1)
4 creatures vanquished.

Grand Total: 55 creatures vanquished

Notes
Turn   | Place    | Note
-------+----------+-------------------------------------------
     0 | D:1      | Murumi the Vampire Enchanter began the quest for the Orb.
     0 | D:1      | Reached XP level 1. HP: 13/13 MP: 3/3
   227 | D:1      | Reached skill level 1 in Fighting
   247 | D:1      | Reached skill level 5 in Stealth
   247 | D:1      | Reached XP level 2. HP: 3/21 MP: 3/5
   615 | D:1      | Learned a level 2 spell: Ensorcelled Hibernation
   676 | D:1      | HP: 1/21 [bat (1)]
  1204 | D:1      | Reached XP level 3. HP: 26/26 MP: 6/6
  1208 | D:1      | Reached skill level 6 in Stealth
  1213 | D:1      | Learned a level 3 spell: Confuse
  2286 | D:1      | Reached skill level 5 in Hexes
  2536 | D:2      | Found an ornate altar of the Wu Jian Council.
  2990 | D:2      | Reached XP level 4. HP: 32/32 MP: 2/7
  3031 | D:2      | HP: 1/32 [adder (2)]
  3032 | D:2      | Reached skill level 7 in Stealth
  3032 | D:2      | Succumbed to an adder's poison

Vault maps used:
D:1:      ldierk_walled_garden_2
D:2:      kennysheep_the_goblin_king, old_standard_altar, bloody_makhleb

Skill      XL: |  1  2  3  4 |
---------------+-------------+-----
Fighting       | 1 |  1.0
Stealth        | 5 6 7 |  7.0
Hexes          | 5 |  5.0
Short Blades   | |  1.1
Dodging        | |  2.1
Spellcasting   | |  2.0

Action                   |  1- 3 |  4- 6 || total
-------------------------+-------+-------++-------
Melee: Dagger            |   231 |    23 ||   254
       Bite              |    16 |     1 ||    17
 Cast: Corona            |     1 |       ||     1
       Ensorcelled Hiber |     2 |     2 ||     4
  Use: Scroll            |     1 |       ||     1
       Potion            |     1 |       ||     1
 Stab: Sleeping          |     9 |       ||     9
       Distracted        |     1 |       ||     1
  Eat: Corpse            |     3 |       ||     3
Armor: Robe              |    45 |     3 ||    48
Dodge: Dodged            |   139 |    17 ||   156
